 Dungeon Crawl Stone Soup version 0.21.1-1-g345015f (webtiles) character file.

416 Flooderbenga the Grave Robber (level 6, -5/44 HPs)
             Began as a Gnoll Necromancer on Apr 3, 2018.
             Killed from afar by an orc wizard (8 damage)
             ... with a puff of flame
             ... on level 6 of the Dungeon.
             The game lasted 00:51:57 (1041 turns).

Flooderbenga the Grave Robber (Gnoll Necromancer)   Turns: 1041, Time: 00:51:57

Health: -5/44      AC:  8    Str: 10      XL:     6   Next: 92%
Magic:  6/14       EV: 14    Int: 20      God:
Gold:   74         SH:  0    Dex: 14 (15) Spells: 1/15 levels left

rFire    . . .     SeeInvis .   a - +2 dagger (venom)
rCold    . . .     Gourm    .   (no shield)
rNeg     . . .     Faith    .   h - +0 leather armour
rPois    .         Spirit   .   (no helmet)
rElec    .         Reflect  .   (no cloak)
rCorr    .         Harm     .   l - +0 pair of gloves
MR       .....                  (no boots)
Stlth    +++.......             (no amulet)
HPRegen  0.14/turn              (no ring)
MPRegen  0.14/turn              (no ring)

@: lethally poisoned (-5 -> -17)
A: distributed training, fangs 1, iridescent scales 2, blink, screaming 1,
strong nose
a: Blink


You were on level 6 of the Dungeon.
You were hungry.

You visited 1 branch of the dungeon, and saw 7 of its levels.

You collected 74 gold pieces.

Inventory:

Hand Weapons
 a - a +2 dagger of venom (weapon)
 b - a +0 whip
 m - a +1 blowgun
Missiles
 e - 24 bolts
 g - 4 poisoned needles
 i - 43 arrows
 p - 25 sling bullets
Armour
 h - a +0 leather armour (worn)
 l - a +0 pair of gloves (worn)
Wands
 j - a wand of random effects (30)
Scrolls
 r - 2 scrolls of identify {@r1}
Books
 d - a book of Necromancy

   Spells                             Type                      Level
   a - Pain                           Necromancy                   1
   b - Animate Skeleton               Necromancy                   1
   c - Vampiric Draining              Necromancy                   3
   d - Regeneration                   Charms/Necromancy            3
   e - Animate Dead                   Necromancy                   4
   f - Borgnjor's Vile Clutch         Necromancy/Earth             5
Comestibles
 c - 4 rations


   Skills:
 + Level 2.1 Fighting
 + Level 2.1 Short Blades
 + Level 2.1 Long Blades
 + Level 2.1 Axes
 + Level 2.1 Maces & Flails
 + Level 2.1 Polearms
 + Level 2.1 Staves
 + Level 2.1 Slings
 + Level 2.1 Bows
 + Level 2.1 Crossbows
 + Level 2.1 Throwing
 + Level 2.1 Armour
 + Level 5.0 Dodging
 + Level 4.7 Stealth
 + Level 2.1 Shields
 + Level 2.1 Unarmed Combat
 + Level 5.4 Spellcasting
 + Level 1.7 Conjurations
 + Level 1.7 Hexes
 + Level 1.7 Charms
 + Level 1.7 Summonings
 + Level 7.3 Necromancy
 + Level 1.7 Translocations
 + Level 1.7 Transmutations
 + Level 1.7 Fire Magic
 + Level 1.7 Ice Magic
 + Level 1.7 Air Magic
 + Level 1.7 Earth Magic
 + Level 1.7 Poison Magic
 + Level 2.3 Invocations
 + Level 2.1 Evocations


You had one spell level left.
You knew the following spells:

 Your Spells              Type           Power        Failure   Level  Hunger
a - Pain                  Necr           ####         1%          1    None
b - Animate Dead          Necr           N/A          7%          4    ####...
c - Borgnjor's Vile Clut  Necr/Erth      ###.......   52%         5    #####..
r - Regeneration          Chrm/Necr      ###.......   7%          3    ##.....
z - Animate Skeleton      Necr           N/A          1%          1    None


Dungeon Overview and Level Annotations

Branches:
Dungeon (7/15)
 Temple: D:4-7

Altars:
Qazlal


Innate Abilities, Weirdness & Mutations

Your experience applies equally to all skills.
You have very sharp teeth.
Your uncanny sense of smell can sniff out nearby items.
You are mostly covered in iridescent scales. (AC +4)
You can translocate small distances at will.
You occasionally shout uncontrollably at your foes.


Message History

The worker ant poisons you!
You take 4 damage, and have 6/44 hp.
* * * LOW HITPOINT WARNING * * *
You feel sick.
The killer bee stings your howler monkey zombie.
Your howler monkey zombie is destroyed!
Something hits your orc zombie.
The orc hits your orc wizard zombie but does no damage.
Your orc wizard zombie hits the worker ant with a dagger.
The worker ant barely misses your orc wizard zombie.
The killer bee barely misses your orc zombie.
You take 2 damage, and have 4/44 hp.
* * * LOW HITPOINT WARNING * * *
You feel sick. The killer bee stings your orc zombie!
Your orc zombie is destroyed!
The worker ant completely misses your orc wizard zombie.
You hear some strange, mumbled words.
A puff of flame appears from out of thin air!
The puff of flame hits you!
You die...

#<..# ...# ##.### #...
##...# #...#
#.[########....# # #.#
#.......##..
#######.#####...........
#.............ora?y..#
#.........###.oZo)..#
#...[..!..# #>@.{...#
#..>.....## #.......#
#........# #.......#
#........# #.......#
########## #########


You could see a worker ant, a killer bee, 3 orcs, a quokka and a friendly orc
wizard zombie.

Vanquished Creatures
  A howler monkey (D:6)
  4 orc wizards
  An orc priest (D:4)
  2 hounds (D:7)
  A bullfrog skeleton (D:5)
  Terence (D:2)
  An iguana (D:7)
  A worker ant (D:4)
  2 adders
  A shadow imp (D:6)
  A worm (D:3)
  2 dart slugs
  2 leopard geckos
  9 orcs
  2 giant cockroaches
  6 goblins
  4 hobgoblins
  4 kobolds
  A quokka (D:3)
  A ball python (D:1)
  7 bats
  2 frilled lizards
  5 rats
61 creatures vanquished.

Notes
Turn   | Place    | Note
-------+----------+-------------------------------------------
     0 | D:1      | Flooderbenga the Gnoll Necromancer began the quest for the Orb.
     0 | D:1      | Reached XP level 1. HP: 13/13 MP: 6/6
    65 | D:1      | Reached XP level 2. HP: 12/19 MP: 1/7
    76 | D:1      | Learned a level 1 spell: Animate Skeleton
   264 | D:2      | Reached XP level 3. HP: 6/25 MP: 2/9
   275 | D:2      | Learned a level 3 spell: Regeneration
   330 | D:3      | Reached skill level 5 in Spellcasting
   451 | D:2      | Reached skill level 1 in Invocations
   510 | D:2      | Noticed Terence
   514 | D:2      | Killed Terence
   514 | D:2      | Reached skill level 1 in Fighting
   514 | D:2      | Reached skill level 1 in Short Blades
   514 | D:2      | Reached skill level 1 in Long Blades
   514 | D:2      | Reached skill level 1 in Axes
   514 | D:2      | Reached skill level 1 in Maces & Flails
   514 | D:2      | Reached skill level 1 in Polearms
   514 | D:2      | Reached skill level 1 in Staves
   514 | D:2      | Reached skill level 1 in Slings
   514 | D:2      | Reached skill level 1 in Bows
   514 | D:2      | Reached skill level 1 in Crossbows
   514 | D:2      | Reached skill level 1 in Throwing
   514 | D:2      | Reached skill level 1 in Armour
   514 | D:2      | Reached skill level 1 in Shields
   514 | D:2      | Reached skill level 1 in Unarmed Combat
   514 | D:2      | Reached skill level 1 in Evocations
   514 | D:2      | Reached XP level 4. HP: 29/32 MP: 3/11
   604 | D:3      | Learned a level 4 spell: Animate Dead
   665 | D:3      | Gained mutation: You occasionally shout uncontrollably at your foes. [potion of mutation]
   665 | D:3      | Gained mutation: You are partially covered in iridescent scales. (AC +2) [potion of mutation]
   665 | D:3      | Gained mutation: You are mostly covered in iridescent scales. (AC +4) [potion of mutation]
   665 | D:3      | Gained mutation: You can translocate small distances at will. [potion of mutation]
   674 | D:3      | Reached skill level 1 in Conjurations
   674 | D:3      | Reached skill level 1 in Hexes
   674 | D:3      | Reached skill level 1 in Charms
   674 | D:3      | Reached skill level 1 in Summonings
   674 | D:3      | Reached skill level 1 in Translocations
   674 | D:3      | Reached skill level 1 in Transmutations
   674 | D:3      | Reached skill level 1 in Fire Magic
   674 | D:3      | Reached skill level 1 in Ice Magic
   674 | D:3      | Reached skill level 1 in Air Magic
   674 | D:3      | Reached skill level 1 in Earth Magic
   674 | D:3      | Reached skill level 1 in Poison Magic
   677 | D:3      | Reached XP level 5. HP: 30/37 MP: 4/12
   822 | D:4      | Learned a level 5 spell: Borgnjor's Vile Clutch
   857 | D:5      | Entered Level 5 of the Dungeon
   866 | D:5      | Found a stormy altar of Qazlal.
   885 | D:5      | Reached XP level 6. HP: 24/44 MP: 7/13
   923 | D:5      | Noticed a phantom
   939 | D:5      | You fall through a shaft for 2 floors!
   962 | D:7      | Reached skill level 5 in Dodging
   995 | D:7      | Noticed an orc warrior
  1041 | D:6      | Killed from afar by an orc wizard

Skill      XL: |  1  2  3  4  5  6 |
---------------+-------------------+-----
Spellcasting   | 5 |  5.4
Invocations    | 1 2 |  2.3
Fighting       | 1 2 |  2.1
Short Blades   | 1 2 |  2.1
Long Blades    | 1 2 |  2.1
Axes           | 1 2 |  2.1
Maces & Flails | 1 2 |  2.1
Polearms       | 1 2 |  2.1
Staves         | 1 2 |  2.1
Slings         | 1 2 |  2.1
Bows           | 1 2 |  2.1
Crossbows      | 1 2 |  2.1
Throwing       | 1 2 |  2.1
Armour         | 1 2 |  2.1
Shields        | 1 2 |  2.1
Unarmed Combat | 1 2 |  2.1
Evocations     | 1 2 |  2.1
Conjurations   | 1 |  1.7
Hexes          | 1 |  1.7
Charms         | 1 |  1.7
Summonings     | 1 |  1.7
Translocations | 1 |  1.7
Transmutations | 1 |  1.7
Fire Magic     | 1 |  1.7
Ice Magic      | 1 |  1.7
Air Magic      | 1 |  1.7
Earth Magic    | 1 |  1.7
Poison Magic   | 1 |  1.7
Dodging        | 5 |  5.0
Stealth        | |  4.7
Necromancy     | |  7.3

Action                   |  1- 3 |  4- 6 || total
-------------------------+-------+-------++-------
Melee: Whip              |    26 |    23 ||    49
       Bite              |     5 |     9 ||    14
       Dagger            |       |    35 ||    35
 Fire: Blowgun           |       |     4 ||     4
Throw: Stone             |     9 |     5 ||    14
 Cast: Pain              |    38 |    43 ||    81
       Animate Skeleton  |     4 |     4 ||     8
       Regeneration      |     2 |     3 ||     5
       Animate Dead      |       |     2 ||     2
 Abil: Blink             |       |     4 ||     4
Evoke: Wand              |       |     2 ||     2
  Use: Potion            |       |     7 ||     7
       Scroll            |       |     6 ||     6
 Stab: Sleeping          |       |     1 ||     1
  Eat: Chunk             |       |     1 ||     1
Armor: Robe              |     6 |       ||     6
       Leather armour    |     4 |    36 ||    40
Dodge: Dodged            |    27 |    55 ||    82
